AoeStats
← eriki

Arabia

508066608Analyzed
2v2 RM · 13d ago on Sep 20, 2026· 60m 30s· 4 players
Game mode
Random Map
Map size
Medium (4 player)
Population
200
Speed
Normal
Resources
Standard
Victory
Conquest
Starting age
Dark Age
Ending age
Imperial Age
RankedLock teamsTeams togetherTeam positionsShared explorationLock speedFull tech treeHidden civsTurbo modeCheats
Victory
Defeat
🇹🇷 Magyars · Türkiye
905
+18
🇹🇷 Ethiopians · Türkiye
891
+19
🇸🇰 Romans · Slovakia
983
-19
🇸🇰 Lithuanians · Slovakia
930
-18
King of Cengel
10:29 Feudal Age
11:44 Double-Bit Axe
13:14 Bloodlines
25:08 Castle Age
23:38 Fletching
23:58 Scale Barding Armor
23:45 Horse Collar
24:37 Fletching
25:31 Padded Archer Armor
25:17 Crossbowman
26:12 Thumb Ring
27:13 Husbandry
29:24 Pikeman
30:01 Man-at-Arms
30:05 Elite Skirmisher
33:07 Chain Barding Armor
32:43 Bodkin Arrow
32:41 Arson
34:13 Scale Mail Armor
36:02 Wheelbarrow
34:51 Long Swordsman
43:07 Corvinian Army
43:32 Gold Mining
43:33 Stone Mining
45:35 Leather Archer Armor
45:36 Chain Mail Armor
47:24 Chain Mail Armor
52:47 Imperial Age
51:11 Light Cavalry
52:53 Elite Magyar Huszar
52:57 Cavalier
54:23 Heavy Plow
55:20 Ballistics
58:44 Paladin
58:48 Hussar
61:03 Plate Barding Armor
60:28 Bracer
61:10 Bow Saw
eriki
11:41 Feudal Age
12:25 Loom
22:35 Castle Age
21:48 Stone Mining
21:40 Horse Collar
22:35 Crossbowman
24:27 Double-Bit Axe
24:34 Town Watch
24:50 Gold Mining
27:19 Thumb Ring
28:30 Scale Mail Armor
28:31 Padded Archer Armor
30:34 Husbandry
41:15 Light Cavalry
47:48 Imperial Age
46:49 Chain Mail Armor
47:26 Royal Heirs
48:14 Bow Saw
48:17 Forging
47:57 Fletching
48:51 Capped Ram
50:28 Conscription
51:59 Scale Barding Armor
51:51 Bodkin Arrow
52:27 Plate Mail Armor
52:15 Arbalester
54:41 Chemistry
55:22 Two-Man Saw
54:59 Leather Archer Armor
54:45 Bracer
55:23 Wheelbarrow
55:11 Ballistics
55:39 Heavy Plow
56:21 Stone Shaft Mining
56:21 Gold Shaft Mining
56:51 Ring Archer Armor
57:35 Hand Cart
57:21 Town Patrol
57:06 Heavy Camel Rider
60:09 Elite Shotel Warrior
1Majo_SVK
11:58 Feudal Age
13:22 Loom
22:25 Gold Mining
22:24 Double-Bit Axe
25:20 Castle Age
24:23 Bloodlines
24:38 Stone Mining
24:39 Horse Collar
34:14 Pikeman
39:26 Imperial Age
ARES
0:32 Loom
12:37 Feudal Age
19:50 Castle Age
18:54 Double-Bit Axe
20:35 Scale Barding Armor
21:53 Horse Collar
26:35 Wheelbarrow
28:38 Chain Barding Armor
28:53 Husbandry
30:37 Heavy Plow
33:31 Bloodlines
34:44 Forging
40:27 Imperial Age
37:40 Man-at-Arms
38:39 Hand Cart
39:54 Light Cavalry
41:57 Conscription
42:55 Iron Casting
43:24 Squires
43:06 Long Swordsman
44:53 Pikeman
49:40 Plate Barding Armor
49:07 Scale Mail Armor
52:56 Murder Holes
52:49 Cavalier
55:14 Ballistics
56:14 Blast Furnace
55:56 Bow Saw
57:52 Chain Mail Armor
59:55 Fortified Wall
Connection lost

Rejoining the realm…

Still unreachable

The connection could not be restored.

Session expired

The server has moved on; the page needs a fresh start.